 Dungeon Crawl Stone Soup version 0.28-a0-1033-g1a2f33fa85 (webtiles) character file.

Game seed: 4772202353411341129

361 mainiacjoe the Sneak (level 6, -4/43 HPs)
             Began as an Octopode Delver on Dec 8, 2021.
             Slain by a phantom (9 damage)
             ... on level 3 of the Dungeon.
             The game lasted 00:07:16 (2245 turns).

mainiacjoe the Sneak (Octopode Delver)              Turns: 2245, Time: 00:07:17

Health: -4/43      AC:  1    Str: 13    XL:     6   Next: 66%
Magic:  6/6        EV: 14    Int: 13    God:
Gold:   28         SH:  0    Dex: 13    Spells: 5/5 levels left

rFire   . . .      SeeInvis .     - Unarmed
rCold   . . .      Faith    .   (no shield)
rNeg    . . .      Spirit   .   (helmet restricted)
rPois   .          Reflect  .   (no amulet)
rElec   .          Harm     .   (no ring)
rCorr   .          Rampage  .   (no ring)
Will    .....                   (no ring)
Stlth   +++++.....              (no ring)
HPRegen 0.14/turn               (no ring)
MPRegen 0.10/turn               (no ring)
                                (no ring)
                                (no ring)

@: no status effects
A: almost no armour, amphibious, 8 rings, camouflage 1, gelatinous body 1,
(nimble swimmer 1), tentacles
a: no special abilities


You were on level 3 of the Dungeon.
You visited 1 branch of the dungeon, and saw 4 of its levels.

You collected 28 gold pieces.

Inventory:

Hand Weapons
 b - a +0 shortbow
Missiles
 f - 20 bolts
 h - 2 javelins
 j - 72 stones (quivered)
Wands
 e - a wand of digging (8)
 g - a wand of acid (6)
Scrolls
 a - 2 scrolls of fog
 c - a scroll of fear
 i - a scroll of immolation {unknown}
 l - a scroll of magic mapping
Potions
 d - a potion of haste


   Skills:
 + Level 4.0 Fighting
 * Level 4.2 Dodging
 + Level 7.6 Stealth
 * Level 4.2 Unarmed Combat


You had 5 spell levels left.
You didn't know any spells.
Your spell library was empty.

Dungeon Overview and Level Annotations

Branches:
Dungeon (6/15)
 Temple: D:4-7

Altars:
Yredelemnul

Annotations:
D:5 1 runed translucent door, exclusions: adder, necrophage and skeleton


Innate Abilities, Weirdness & Mutations

You cannot wear most types of armour.
You are amphibious.
You can wear up to eight rings at the same time.
Your skin changes colour to match your surroundings (Stealth+).
Your rubbery body absorbs attacks. (AC +1, EV +1)
((You are camouflaged near water. (Stealth+)))
You have tentacles for arms and can constrict up to eight enemies at once.


Message History

You tentacle-slap the phantom but do no damage.
The phantom is lightly damaged.
The phantom closely misses you.
You tentacle-slap the phantom but do no damage.
The phantom is lightly damaged.
The phantom hits you!
The phantom blinks!
You blink.
The phantom hits you.
You miss the phantom.
The phantom is lightly damaged.
The phantom hits you.
The phantom blinks!
You blink.
Found a leather armour.
You closely miss the phantom.
The phantom is lightly damaged.
The phantom closely misses you.
You miss the phantom.
The phantom is lightly damaged.
The phantom hits you.
You tentacle-slap the phantom.
The phantom is lightly damaged.
The phantom barely misses you.
You miss the phantom. Your squeeze misses the phantom.
The phantom is lightly damaged.
The phantom hits you.
You miss the phantom.
Your tentacle-slap misses the phantom.
You squeeze the phantom.
The phantom is moderately damaged.
The phantom hits you!
* * * LOW HITPOINT WARNING * * *
You tentacle-slap the phantom.
Your tentacle-slap misses the phantom.
Your squeeze misses the phantom.
The phantom is moderately damaged.
The phantom barely misses you.
You tentacle-slap the phantom.
The phantom is heavily damaged.
You closely miss the phantom.
The phantom is heavily damaged.
The phantom closely misses you.
You barely miss the phantom.
The phantom is heavily damaged.
The phantom hits you!
You die...

......
......########+#+#
.[..........(...>#
...........(.....#
.........(.......#
.................#
.................#
###@W........#
##.........#
##........#
##.......#
#.......#
#........ ..# ..#


You could see a phantom.

Vanquished Creatures
  Eustachio (D:5)
  A centaur (D:5)
  2 jellies (D:5)
  A centaur skeleton (D:5)
  An iguana (D:5)
  2 adders (D:5)
  A shadow imp (D:5)
  A dart slug (D:5)
  2 endoplasms
  A jackal skeleton (D:5)
13 creatures vanquished.

Notes
Turn   | Place    | Note
-------+----------+-------------------------------------------
     0 | D:5      | mainiacjoe the Octopode Delver began the quest for the Orb.
     0 | D:5      | Reached XP level 1. HP: 16/16 MP: 1/1
   216 | D:5      | Noticed a necrophage
   260 | D:5      | Noticed Eustachio
   336 | D:5      | Reached XP level 2. HP: 6/21 MP: 2/2
   688 | D:5      | Reached XP level 3. HP: 24/26 MP: 3/3
   709 | D:5      | Reached XP level 4. HP: 13/31 MP: 4/4
   919 | D:5      | Reached skill level 7 in Stealth
  1050 | D:5      | Noticed a centaur
  1060 | D:5      | Killed a centaur
  1061 | D:5      | Reached XP level 5. HP: 13/36 MP: 5/5
  1294 | D:5      | Noticed a phantom
  1618 | D:4      | You fall into a shaft and drop 2 floors!
  1618 | D:6      | Noticed an ogre
  1619 | D:6      | Noticed an ice beast
  1625 | D:6      | Noticed a black bear
  1692 | D:5      | Found a runed translucent door.
  1692 | D:5      | Noticed a human
  1791 | D:5      | Killed Eustachio
  1792 | D:5      | Reached XP level 6. HP: 43/43 MP: 6/6
  2175 | D:5      | Found a basalt altar of Yredelemnul.
  2245 | D:3      | Slain by a phantom

Illustrated notes

Levels and vault maps discovered:
D:3:      cheibrodos_fertilizer, layout_basic, tgw_xom, serial_shops, shop,
          grunt_ministairs_1, nrook_mini_backslash, minmay_hedge_maze,
          uniq_terence
D:4:      layout_loops_cross, nicolae_hepliaklqana_hazy_memory,
          ebering_ghost_sewer_f, uniq_crazy_yiuf_cottage
D:5:      cheibrodos_thug_alley, layout_basic, dk_yredelemnul_ordeal,
          uniq_eustachio
D:6:      layout_loops_ring, lemuel_doored_altar, minmay_hollow_rounded_squares,
          uniq_sigmund

Skill      XL: |  1  2  3  4  5  6 |
---------------+-------------------+-----
Unarmed Combat | 3 4 |  4.2
Dodging        | 3 4 |  4.2
Stealth        | 7 |  7.6
Fighting       | 4 |  4.0

Action                   |  1- 3 |  4- 6 || total
-------------------------+-------+-------++-------
Melee: Unarmed           |    15 |    42 ||    57
       Constrict         |     3 |     1 ||     4
       Tentacles         |     5 |     6 ||    11
       Punch             |       |     1 ||     1
 Fire: Shortbow          |       |    31 ||    31
Throw: Stone             |     2 |       ||     2
  Use: Potion            |       |     3 ||     3
       Scroll            |       |     1 ||     1
 Stab: Sleeping          |       |     3 ||     3
Armor: Skin              |       |     8 ||     8
Dodge: Dodged            |     7 |    43 ||    50

Table legend: (Time is in decaauts)
 A = Elapsed time spent in this place.
 B = Non-inter-level travel time spent in this place.
 C = Inter-level travel time spent in this place.
 D = Time resting spent in this place.
 E = Time spent auto-exploring this place.
 F = Levels seen in this place.
 G = Mean time per level.
                   A        B        C        D        E       F      G
               +--------+--------+--------+--------+--------+-----+--------+
         Total |   2227 |   2227 |      0 |   1260 |    343 |   4 |  556.8 |
       Dungeon |   2227 |   2227 |      0 |   1260 |    343 |   4 |  556.8 |
               +--------+--------+--------+--------+--------+-----+--------+

Top non-repeatable levels by time:
     D:5: 1916 daAuts
     D:4: 270 daAuts
     D:3: 21 daAuts
     D:6: 18 daAuts
